 Dungeon Crawl Stone Soup version 0.27.0-1-g7a089689b8 (webtiles) character file.

Game seed: 3294830654437011751

126 Brandom the Slasher (level 4, -1/39 HPs)
             Began as a Palentonga Monk on Aug 9, 2021.
             Was a Plaything of Xom.
             Succumbed to an adder's poison
             ... on level 5 of the Dungeon.
             The game lasted 00:03:41 (3320 turns).

Brandom the Slasher (Palentonga Monk)               Turns: 3320, Time: 00:03:42

Health: -1/39      AC:  5    Str: 15    XL:     4   Next: 83%
Magic:  4/4        EV: 10    Int: 10    God:    Xom [...*..]
Gold:   155        SH:  0    Dex: 13    Spells: 3/3 levels left

rFire    . . .     SeeInvis +   a - +0 falchion
rCold    . . .     Faith    .   (no shield)
rNeg     . . .     Spirit   .   b - +0 robe
rPois    .         Reflect  .   (no helmet)
rElec    .         Harm     .   (no cloak)
rCorr    .         Rampage  .   e - +0 pair of gloves
Will     .....                  (no barding)
Stlth    ++........             (no amulet)
HPRegen  0.13/turn              (no ring)
MPRegen  0.09/turn              (no ring)

@: lethally poisoned (-1 -> -9)
A: large, rugged brown scales 3, see invisible, deformed body, roll 1, armoured
tail
a: Rolling Charge, Renounce Religion


You were on level 5 of the Dungeon.
You worshipped Xom.
You were a favourite toy of Xom.
You visited 1 branch of the dungeon, and saw 5 of its levels.

You collected 155 gold pieces.

Inventory:

Hand Weapons
 a - a +0 falchion (weapon)
Missiles
 c - 4 javelins
Armour
 b - a +0 robe (worn)
 e - a +0 pair of gloves (worn)
   (You found it on level 2 of the Dungeon)
Wands
 u - a wand of paralysis (6)
   (You found it on level 2 of the Dungeon)
Scrolls
 g - 4 scrolls of magic mapping {unknown}
 h - a scroll of identify {unknown}
 i - a scroll of enchant weapon {unknown}
 j - a scroll of fear {unknown}
Potions
 d - a potion of mutation {unknown}
 f - a potion of curing {unknown}
 k - a potion of brilliance {unknown}


   Skills:
 + Level 4.0 Fighting
 + Level 4.0 Long Blades
 + Level 3.2 Dodging
 - Level 1.2 Stealth


You had 3 spell levels left.
You didn't know any spells.
Your spell library was empty.

Dungeon Overview and Level Annotations

Branches:
Dungeon (5/15)
 Temple: D:4-7

Altars:
Xom

Shops:
D:2 :


Innate Abilities, Weirdness & Mutations

You are completely covered in rugged brown scales. (AC +3, +7% HP)
You have supernaturally acute eyesight. (SInv)
Armour fits poorly on your strangely shaped body.
You can roll at nearby foes to attack.
You have a long armoured tail.


Message History

You climb downwards.
Found 19 stones, a scroll labelled RASERCHOUJUA, 10 gold pieces and a flail.
Found a stone staircase leading down.
There is a stone staircase leading up here.
Found a scroll labelled BAPESYAGO.
Found a stone staircase leading down.
Found 13 gold pieces.
There is a stone staircase leading down here.
You climb downwards.
An adder and 4 orcs come into view.
The orc shouts!
The adder hisses angrily.
The orc shouts! x2
There is a stone staircase leading up here.
A sky beast comes into view.
The orc hits you but does no damage.
You closely miss the orc.
Your tail-slap misses the orc.
The orc hits you with a +0 club. The orc hits you with a +0 hand axe.
You hit the sky beast. The adder closely misses you.
The sky beast closely misses you. The orc hits you but does no damage.
The adder bites you.
You are poisoned.
The adder poisons you! The orc hits you with a +0 hand axe.
You hit the sky beast.
You feel sick. The adder bites you but does no damage. The sky beast hits you.
The sky beast shocks you. The orc closely misses you.
The orc barely misses you. The orc hits you with a +4 flail.
* * * LOW HITPOINT WARNING * * *
You are too injured to fight recklessly!
You slash the orc!
You kill the orc!
You feel sick. The adder closely misses you.
The sky beast hits you but does no damage.
The orc hits you with a +4 flail.
* * * LOW HITPOINT WARNING * * *
The orc hits you but does no damage. The adder bites you.
* * * LOW HITPOINT WARNING * * *
You are lethally poisoned!
The adder poisons you!
You hit the orc but do no damage.
* * * LOW HITPOINT WARNING * * *
You feel very sick. The sky beast closely misses you.
You riposte.
You hit the sky beast.
You tail-slap the sky beast, but do no damage.
The orc closely misses you.
You riposte.
You barely miss the orc. The adder bites you.
* * * LOW HITPOINT WARNING * * *
The orc hits you with a +4 flail.
* * * LOW HITPOINT WARNING * * *
The orc hits you but does no damage.
You hit the orc but do no damage.
You die...
Xom snickers!

.# # .##
#. ..#
#. ##..#
#.##...#
#......#
#.o#o#.#
#.o@S..#
##Y##..#
#. ..#
#. ..#
## .##
.# .# .#


You could see a sky beast, an adder and 3 orcs.

Vanquished Creatures
  4 adders
  2 worms
  4 dart slugs
  An orc (D:5)
  6 ball pythons
  5 endoplasms
  5 giant cockroaches
  9 goblins
  8 hobgoblins
  5 jackals (D:2)
  3 kobolds
  A quokka (D:3)
  8 bats
  5 frilled lizards
  4 rats
70 creatures vanquished.

Notes
Turn   | Place    | Note
-------+----------+-------------------------------------------
     0 | D:1      | Brandom the Palentonga Monk began the quest for the Orb.
     0 | D:1      | Reached XP level 1. HP: 19/19 MP: 1/1
   151 | D:1      | Reached XP level 2. HP: 24/25 MP: 2/2
   546 | D:1      | Reached XP level 3. HP: 31/31 MP: 3/3
  1685 | D:2      | Found Toptunyn's Book Emporium.
  1898 | D:2      | Reached XP level 4. HP: 34/39 MP: 4/4
  2862 | D:3      | Found a faded altar of an unknown god.
  2887 | D:3      | Became a worshipper of Xom of Chaos
  2905 | D:3      | XOM: silly message
  2980 | D:3      | XOM: silly message
  3053 | D:3      | XOM: divination: magic mapping
  3204 | D:3      | XOM: god gift: 8 gold pieces
  3313 | D:5      | Entered Level 5 of the Dungeon
  3314 | D:5      | Noticed a sky beast
  3319 | D:5      | HP: 1/39 [orc (4)]
  3320 | D:5      | Succumbed to an adder's poison

Illustrated notes

Levels and vault maps discovered:
D:1:      dpeg_arrival_line_fractal, layout_loops_ring
D:2:      layout_basic, serial_shops, shop
D:3:      wad_crossroads, layout_loops_corners,
          chequers_ecumenical_altar_island, minmay_fractal_squares_gapless_5
D:4:      layout_rooms, minmay_fractal_squares_5
D:5:      layout_loops_cross, minmay_temple_entry_mini_moons, serial_shops,
          shop, uniq_prince_ribbit1

Skill      XL: |  1  2  3  4 |
---------------+-------------+-----
Dodging        | 3 |  3.2
Fighting       | 4 |  4.0
Long Blades    | 4 |  4.0
Stealth        | |  1.2

Action                   |  1- 3 |  4- 6 || total
-------------------------+-------+-------++-------
Melee: Falchion          |   116 |    60 ||   176
       Tailslap          |    17 |     8 ||    25
 Stab: Sleeping          |     2 |     3 ||     5
Armor: Robe              |    50 |    19 ||    69
Dodge: Dodged            |    71 |    36 ||   107
       Rpst.: Falchion   |    29 |    13 ||    42
